 Dungeon Crawl Stone Soup version 0.25-a0-365-g7600c65 (webtiles) character file.

Game seed: 12935857046997845813, levelgen mode: deterministic

2246 Birdy the Covert (level 9, -5/42 HPs)
             Began as a Vine Stalker Assassin on Jan 5, 2020.
             Was a Believer of Wu Jian.
             Slain by a hornet (10 damage)
             ... on level 7 of the Dungeon.
             The game lasted 00:10:08 (5307 turns).

Birdy the Covert (Vine Stalker Assassin)            Turns: 5307, Time: 00:10:09

Health: -5/42      AC:  7    Str: 15    XL:     9   Next: 37%
Magic:  0/11       EV: 11    Int: 11    God:    Wu Jian [**....]
Gold:   411        SH:  0    Dex: 18    Spells: 10/10 levels left

rFire    + . .     SeeInvis .   p - +1 dagger (elec)
rCold    . . .     Gourm    .   (no shield)
rNeg     . . .     Faith    .   k - +0 leather armour {rF+}
rPois    +         Spirit   +   r - +0 helmet
rElec    .         Reflect  .   c - +0 cloak
rCorr    .         Harm     .   (no gloves)
MR       +....                  g - +0 pair of boots (curse)
Stlth    ++++......             (no amulet)
HPRegen  0.54/turn              m - +1 ring of slaying
MPRegen  0.12/turn              y - ring of poison resistance

@: lethally poisoned (-5 -> -13), slowed, very slow
A: fangs 3, regeneration 1, magic shield, antimagic bite, no potion heal 3, rot
immunity
a: Wall Jump, Renounce Religion


You were on level 7 of the Dungeon.
You worshipped Wu Jian.
Wu Jian was pleased with you.
You were not hungry.

You visited 1 branch of the dungeon, and saw 7 of its levels.
You also visited: Ossuary.

You collected 411 gold pieces.

Inventory:

Hand Weapons
 p - a +1 dagger of electrocution (weapon)
 s - a +2 short sword of venom
Missiles
 d - 71 poisoned darts (quivered)
 e - 2 curare-tipped darts
Armour
 c - a +0 cloak (worn)
 g - a cursed +0 pair of boots (worn)
 k - a +0 leather armour of fire resistance (worn)
 r - a +0 helmet (worn)
Jewellery
 m - a +1 ring of slaying (left hand)
 u - an uncursed ring of flight
 y - a ring of poison resistance (right hand)
Wands
 i - a wand of paralysis (16)
 t - a wand of random effects (11)
 w - a wand of digging (5)
 B - a wand of acid (8)
Scrolls
 a - 5 scrolls of remove curse
 h - 4 scrolls of magic mapping
 j - 2 scrolls of fog
 l - 3 scrolls of teleportation
 q - a scroll of fear
 A - a scroll of amnesia
 D - 2 scrolls of acquirement
 E - a scroll of immolation {unknown}
 F - a scroll of identify
Potions
 b - 4 potions of curing
 n - a potion of lignification
 o - a potion of ambrosia
 v - 2 potions of might
 x - a potion of invisibility
 z - a potion of brilliance {unknown}
 C - a potion of mutation {unknown}
 H - a potion of heal wounds {unknown}
Comestibles
 f - 19 rations
 G - 3 chunks of flesh


   Skills:
 - Level 2.1 Fighting
 * Level 8.3 Short Blades
 - Level 1.7 Throwing
 - Level 4.0 Armour
 - Level 1.1 Dodging
 + Level 9.4 Stealth
 - Level 1.2 Spellcasting


You had 10 spell levels left.
You didn't know any spells.
Your spell library contained the following spells:

 Spells                   Type           Power        Failure   Level  Hunger
 Corona                   Hex            #......      36%         1    ##.....
 Ensorcelled Hibernation  Hex/Ice        #.....       52%         2    ###....
 Confuse                  Hex            #.......     75%         3    ####...
 Dazzling Flash           Conj/Hex       #.....       75%         3    ####...
 Tukima's Dance           Hex            #.......     75%         3    ####...


Dungeon Overview and Level Annotations

Branches:
Dungeon (7/15)             Temple (0/1) D:4         Ossuary (visited)

Altars:
Dithmenos
Gozag
Nemelex Xobeh
Ru
Wu Jian
Xom

Shops:
D:7 %


Innate Abilities, Weirdness & Mutations

You have razor-sharp teeth.
Your natural rate of healing is unusually fast.
When hurt, damage is shared between your health and your magic reserves.
Your bite disrupts and absorbs the magic of your enemies.
Potions cannot restore your health.
You are immune to rotting.


Message History

You feel invigorated.
The hornet is almost dead.
You feel sick. The hornet barely misses you.
You barely miss the hornet.
The hornet is almost dead.
You feel sick. The hornet stings you!
* * * LOW HITPOINT WARNING * * *
You are lethally poisoned!
You feel yourself slow down.
You closely miss the hornet. Your bite misses the hornet.
The hornet is almost dead.
* * * LOW HITPOINT WARNING * * *
You feel sick. The hornet stings you.
* * * LOW HITPOINT WARNING * * *
Unknown command.
You hit the hornet but do no damage.
The hornet is almost dead.
* * * LOW HITPOINT WARNING * * *
You feel sick. The hornet stings you!
You die...

#........### #####.####
## #.# .# ####.######
#+## .# #.........#
#...## .# #.##.####.#
#.....# .# #.##.##.#.#
##.......
.###.##......###........
...............'@y......
####.###.....###........
#.#.......# ##.......
#........(# #.....#
###.#.###.# #...## #...#
#.# #+## #..## #.# #...
#.#


You could see a hornet.

Vanquished Creatures
  Pikel (D:5)
  A hippogriff (D:5)
  Sigmund (D:6)
  A sky beast (D:6)
  An ice beast (D:7)
  2 ogres
  2 scorpions (D:7)
  A centaur zombie (D:5)
  3 human zombies (Ossuary)
  2 crimson imps (D:7)
  3 hounds
  A jelly (D:6)
  A bullfrog zombie (D:6)
  5 orc priests
  A centaur skeleton (D:6)
  An orc wizard (D:7)
  An iguana (D:6)
  5 worker ants
  2 big kobold zombies (Ossuary)
  2 mummies (Ossuary)
  A worker ant zombie (D:5)
  7 adders
  3 gnolls (D:5)
  3 oozes
  An adder zombie (D:7)
  An adder skeleton (D:4)
  6 worms
  A dart slug (D:3)
  4 leopard geckos
  22 orcs
  4 bats
  2 giant cockroaches (D:5)
  7 goblins
  6 hobgoblins
  3 quokkas
  A ball python (D:1)
  2 frilled lizards (D:2)
  A goblin zombie (Ossuary)
  15 hobgoblin zombies (Ossuary)
  3 jackal zombies
  8 kobolds
  9 kobold zombies (Ossuary)
  5 orc zombies (Ossuary)
  A quokka zombie (D:5)
  9 rats
162 creatures vanquished.

Vanquished Creatures (others)
  A bullfrog zombie (D:5)
1 creature vanquished.

Grand Total: 163 creatures vanquished

Notes
Turn   | Place    | Note
-------+----------+-------------------------------------------
     0 | D:1      | Birdy the Vine Stalker Assassin began the quest for the
                  | Orb.
     0 | D:1      | Reached XP level 1. HP: 11/11 MP: 2/2
   264 | D:1      | Reached XP level 2. HP: 14/15 MP: 3/3
   279 | D:1      | Reached skill level 1 in Dodging
   279 | D:1      | Reached skill level 5 in Stealth
   885 | D:2      | Reached XP level 3. HP: 14/18 MP: 5/5
   887 | D:2      | Reached skill level 1 in Spellcasting
   939 | D:2      | Reached skill level 1 in Armour
  1456 | D:3      | Gained mutation: Your natural rate of healing is unusually
                  | fast. [Vine Stalker growth]
  1456 | D:3      | Reached XP level 4. HP: 23/23 MP: 6/6
  1524 | D:3      | Found a shadowy altar of Dithmenos.
  1526 | D:3      | Found a shadowy altar of Dithmenos.
  1526 | D:3      | Found a sacrificial altar of Ru.
  1529 | D:3      | Found a sparkling altar of Nemelex Xobeh.
  1529 | D:3      | Found a shimmering altar of Xom.
  1529 | D:3      | Found an opulent altar of Gozag.
  2129 | D:4      | Reached XP level 5. HP: 26/26 MP: 7/7
  2414 | D:4      | Reached XP level 6. HP: 28/30 MP: 8/8
  2584 | D:4      | Found an ornate altar of the Wu Jian Council.
  2668 | D:4      | Became a worshipper of the Wu Jian Council
  2876 | D:4      | Found a staircase to the Ecumenical Temple.
  2954 | D:5      | Entered Level 5 of the Dungeon
  2965 | D:5      | Noticed a slave
  2966 | D:5      | Noticed a slave
  2967 | D:5      | Noticed Pikel
  2969 | D:5      | Noticed a slave
  2971 | D:5      | Noticed a slave
  2995 | D:5      | Killed Pikel
  2995 | D:5      | Reached skill level 5 in Short Blades
  2995 | D:5      | Reached skill level 6 in Stealth
  2995 | D:5      | Reached XP level 7. HP: 17/35 MP: 6/9
  3128 | D:5      | Reached skill level 7 in Stealth
  3172 | D:5      | Gained mutation: You have razor-sharp teeth. [Vine Stalker
                  | growth]
  3172 | D:5      | Reached XP level 8. HP: 39/39 MP: 10/10
  3342 | D:5      | Noticed a hippogriff
  3351 | D:5      | Killed a hippogriff
  4068 | D:6      | Noticed Sigmund
  4074 | D:6      | Killed Sigmund
  4110 | D:6      | Reached skill level 8 in Stealth
  4166 | D:6      | Found a sand-covered staircase.
  4171 | Ossuary  | Entered an ossuary
  4182 | Ossuary  | Reached * piety under Wu Jian
  4291 | Ossuary  | Reached ** piety under Wu Jian
  4410 | Ossuary  | Identified 2 scrolls of acquirement
  4473 | D:6      | Reached XP level 9. HP: 42/42 MP: 11/11
  4884 | D:7      | Reached skill level 9 in Stealth
  5141 | D:7      | Found Guxiebao's Food Shop.
  5295 | D:7      | Noticed a hornet
  5302 | D:7      | Paralysed by a hornet for 1 turns
  5307 | D:7      | Slain by a hornet

Levels and vault maps discovered:
D:1:      tarquinn_simple_flora_water_d, layout_loops_ring
D:2:      layout_loops_ring
D:3:      layout_loops_ring, doesnt_xom_only_xom
D:4:      layout_basic, lemuel_crystal_altar,
          minmay_temple_entry_enclosed_plants, first_ration, fountainhead
D:5:      layout_layer_cave, uniq_pikel
D:6:      layout_loops_ring, nicolae_ossuary_entry_plus, grunt_decor_arrowhead,
          uniq_sigmund
D:7:      layout_loops_corners, serial_shops, shop

Skill      XL: |  1  2  3  4  5  6  7  8  9 |
---------------+----------------------------+-----
Dodging        | 1 |  1.1
Stealth        | 5 6 7 8 9 |  9.4
Fighting       | 2 |  2.1
Short Blades   | 2 3 5 7 8 |  8.3
Spellcasting   | 1 |  1.2
Armour         | 1 2 3 4 |  4.0
Throwing       | |  1.7

Action                   |  1- 3 |  4- 6 |  7- 9 || total
-------------------------+-------+-------+-------++-------
Melee: Dagger            |    34 |    76 |   234 ||   344
       Bite              |    16 |    15 |    74 ||   105
       Short sword       |    37 |    30 |     3 ||    70
Invok: Lunge             |       |       |    27 ||    27
Evoke: Wand              |       |     1 |       ||     1
  Use: Scroll            |     7 |     3 |     4 ||    14
       Potion            |     3 |       |       ||     3
 Stab: Sleeping          |    13 |     8 |    16 ||    37
       Paralysed         |       |     1 |       ||     1
       Distracted        |       |       |     2 ||     2
  Eat: Chunk             |       |     5 |     9 ||    14
Armor: Robe              |     2 |       |       ||     2
       Leather armour    |     7 |    24 |    41 ||    72
Dodge: Dodged            |    31 |    47 |    68 ||   146

Table legend:
 A = Non-vault XP
 B = Vault XP
 C = Vault XP percentage of total XP
 D = Non-vault monster count
 E = Vault monster count
 F = Vault count percentage of total count
                 A         B        C        D         E       F
            +---------+---------+-------+---------+---------+-------
      Total |    2099 |    1110 |  34.6 |     121 |      41 |  25.3
            +---------+---------+-------+---------+---------+-------
        D:1 |      15 |       0 |   0.0 |      10 |       0 |   0.0
        D:2 |      42 |       0 |   0.0 |      22 |       0 |   0.0
        D:3 |      88 |       0 |   0.0 |      21 |       0 |   0.0
        D:4 |     372 |       0 |   0.0 |      23 |       0 |   0.0
        D:5 |     375 |     629 |  62.6 |      16 |       1 |   5.9
        D:6 |     462 |     223 |  32.6 |      11 |       1 |   8.3
        D:7 |     745 |       0 |   0.0 |      18 |       0 |   0.0
    Ossuary |       0 |     258 | 100.0 |       0 |      39 | 100.0
            +---------+---------+-------+---------+---------+-------
